 Dungeon Crawl Stone Soup version 0.26.0-10-g1f06aea511 (webtiles) character file.

Game seed: 3512729583660790767

2916 Dracia the Zephyrmancer (level 9, -1/74 HPs)
             Began as a Purple Draconian Air Elementalist on Jan 26, 2021.
             Was a Follower of Sif Muna.
             Killed from afar by an electric eel (3 damage)
             ... with a bolt of electricity
             ... on level 8 of the Dungeon.
             The game lasted 00:15:01 (9999 turns).

Dracia the Zephyrmancer (DrAE)                      Turns: 9999, Time: 00:15:02

Health: -1/74      AC:  9    Str: 12      XL:     9   Next: 50%
Magic:  21/21      EV: 12    Int: 18      God:    Sif Muna [*.....]
Gold:   468        SH:  0    Dex:  9 (11) Spells: 2/12 levels left

rFire    . . .     SeeInvis .   A - +1 quarterstaff (drain)
rCold    . . .     Faith    .   (shield currently unavailable)
rNeg     . . .     Spirit   .   (armour unavailable)
rPois    +         Reflect  .   (helmet restricted)
rElec    .         Harm     .   k - +1 cloak
rCorr    .         Rampage  .   (no gloves)
Will     +....                  (no boots)
Stlth    ++........             (no amulet)
HPRegen  0.22/turn              P - ring of poison resistance
MPRegen  0.17/turn              W - ring of magical power

@: short of breath
A: breathe power, unfitting armour, cold-blooded, AC +7
a: Breathe Dispelling Energy, Renounce Religion, Channel Magic


You were on level 8 of the Dungeon.
You worshipped Sif Muna.
Sif Muna was aware of your devotion.
You visited 2 branches of the dungeon, and saw 9 of its levels.

You collected 468 gold pieces.


Innate Abilities, Weirdness & Mutations

You can breathe bolts of dispelling energy.
Your rich purple scales are hard. (AC +7)
You cannot fit into any form of body armour.
You are cold-blooded and may be slowed by cold attacks.


   Skills:
 + Level 5.4 Fighting
 - Level 1.7 Dodging
 - Level 1.7 Stealth
 - Level 2.4 Spellcasting
 * Level 7.3 Conjurations
 - Level 10.1 Air Magic


You had 2 spell levels left.
You knew the following spells:

 Your Spells              Type           Power        Failure   Level
i - Swiftness             Air            38%          1%          2
k - Airstrike             Air            19%          2%          4
t - Static Discharge      Conj/Air       33%          1%          3
z - Shock                 Conj/Air       100%         1%          1

Your spell library contained the following spells:

 Spells                   Type           Power        Failure   Level
 Lightning Bolt           Conj/Air       16%          13%         5

Inventory:

Hand Weapons
 b - a +0 dagger
 g - a +3 vorpal mace
 A - a +1 quarterstaff of draining (weapon)
Armour
 k - a +1 cloak (worn)
Jewellery
 f - an uncursed ring of protection from fire
 D - a +6 ring of dexterity
 F - an uncursed ring of fire
 P - a ring of poison resistance (left hand)
 W - a ring of magical power (right hand)
Wands
 d - a wand of flame (24)
 p - a wand of paralysis (16)
 s - a wand of polymorph (5)
 v - a wand of iceblast (8)
 z - a wand of digging (4)
 B - a wand of disintegration (14)
Scrolls
 e - 11 scrolls of identify {@r1@r1}
 j - 2 scrolls of teleportation {@r4@r4}
 u - a scroll of remove curse {@r2@r2}
 w - a scroll of magic mapping
 y - 4 scrolls of amnesia
Potions
 a - 5 potions of curing {@q1@q1}
 c - a potion of heal wounds {@q2@q2}
 h - 2 potions of might
 i - a potion of haste {@q3@q3}
 m - a potion of resistance
 n - a potion of lignification {unknown}
 o - a potion of attraction {unknown}
 q - a potion of brilliance
 r - a potion of degeneration
 t - a potion of berserk rage {unknown}
 x - a potion of mutation {unknown}

Dungeon Overview and Level Annotations

Branches:
Dungeon (8/15)             Temple (1/1) D:6
   Lair: D:8-11

Altars:
Ashenzari
Cheibriados
Dithmenos
Fedhas
Gozag
Hepliaklqana
Kikubaaqudgha
Makhleb
Nemelex Xobeh
Okawaru
Qazlal
Ru
Sif Muna
Trog
Uskayaw
Vehumet
Wu Jian
Xom
Yredelemnul
Zin
The Shining One
Beogh

Shops:
D:5 ?

Annotations:
D:4 3 runed translucent doors, p0werm0de's ghost, amateur DsCK

##..≈≈≈≈≈..#..
#..≈≈≈≈≈≈≈...#
#.≈≈≈≈≈≈≈≈≈...
#..≈≈≈≈≈≈≈..#
#..≈≈≈≈≈..# .......
#..≈≈≈..# .....#.
#..;..### ....?..
#.@.##.# #.#..#.
#.###..######.#..#.
#.# #..#...##.#....
#.###.##...##.#.##.
#.)†...............
#.######...##.#.###
#.....#
#...##.#...#
#.....#
#...##.###.#
#.....# ######)#
#.#


You could see an electric eel (drained).


Message History

* * * LOW HITPOINT WARNING * * *
The bolt of electricity hits the electric eel.
The electric eel completely resists.
The bolt of electricity hits the electric eel.
The electric eel completely resists.
You hit the electric eel.
The electric eel is almost dead.
You miss the electric eel.
The electric eel is almost dead.
Unknown command.
You sock the electric eel!
You kill the electric eel!
Sif Muna accepts your kill.
You hit the electric eel. You drain the electric eel.
Your tail-slap misses the electric eel.
The electric eel is severely wounded.
The electric eel shoots out a bolt of lightning at you!
The bolt of electricity hits you.
* * * LOW HITPOINT WARNING * * *
The bolt of electricity hits you.
* * * LOW HITPOINT WARNING * * *
The bolt of electricity hits the electric eel.
The electric eel completely resists.
You closely miss the electric eel.
The electric eel is severely wounded.
The electric eel shoots out a bolt of lightning at you!
The bolt of electricity hits you!
* * * LOW HITPOINT WARNING * * *
The bolt of electricity hits you.
You die...

Skill      XL: |  1  2  3  4  5  6  7  8  9 |
---------------+----------------------------+-----
Air Magic      | 4 5 6 8 9 10 | 10.1
Fighting       | 3 5 |  5.4
Conjurations   | 5 7 |  7.3
Dodging        | |  1.7
Stealth        | |  1.7
Spellcasting   | |  2.4

Action                   |  1- 3 |  4- 6 |  7- 9 || total
-------------------------+-------+-------+-------++-------
Melee: Dagger            |    26 |       |       ||    26
       Unarmed           |     7 |       |       ||     7
       Tailslap          |     6 |     8 |    25 ||    39
       Mace              |    23 |    73 |   148 ||   244
       Quarterstaff      |       |       |    85 ||    85
 Cast: Shock             |    82 |    81 |   157 ||   320
       Static Discharge  |       |     1 |     8 ||     9
       Airstrike         |       |       |     2 ||     2
 Abil: Breathe Dispellin |       |       |     4 ||     4
  Use: Scroll            |     5 |    10 |     5 ||    20
       Potion            |       |       |     2 ||     2
 Stab: Sleeping          |       |     1 |       ||     1
Armor: Skin              |    13 |    29 |   123 ||   165
Dodge: Dodged            |    44 |    49 |   229 ||   322

Levels and vault maps discovered:
D:1:      psy_arrival_whirlpool, layout_basic, serial_bayou_lagoon_a
D:2:      layout_basic, lemuel_coloured_pillars_altar, uniq_crazy_yiuf_cottage
D:3:      layout_basic, minitemple, ebering_ghost_sewer_d, grunt_gozag_statues
D:4:      layout_cave_pools, lemuel_crystal_altar, biasface_ghost_orc_armoury,
          kennysheep_generic_room_13
D:5:      layout_basic, gammafunk_temple_overflow_pools, serial_shops, shop,
          trog_book, uniq_ijyb
D:6:      layout_gridville, temple_hall
D:7:      layout_cave_pools, gammafunk_temple_overflow_elements
D:8:      nzn_winding_woodlands_cross [nzn_winding_woodlands_5x15_lazy_stream,
          nzn_winding_woodlands_5x15_garden,
          nzn_winding_woodlands_5x15_sidewinder,
          nzn_winding_woodlands_5x15_crooked,
          nzn_winding_woodlands_15x15_thick_spiral], layout_basic,
          lair_entry_dummy, amcnicky_mini_pool_medium, uniq_maurice,
          uniq_prince_ribbit1, uniq_gastronok
Temple:   eino_wide_crystal_templ

Notes
Turn   | Place    | Note
-------+----------+-------------------------------------------
     0 | D:1      | Dracia the Draconian Air Elementalist began the quest for
                  | the Orb.
     0 | D:1      | Reached XP level 1. HP: 14/14 MP: 3/3
   389 | D:1      | Reached XP level 2. HP: 19/20 MP: 0/5
   392 | D:1      | Learned a level 2 spell: Swiftness
   813 | D:1      | Reached skill level 4 in Air Magic
  1197 | D:1      | Reached XP level 3. HP: 26/26 MP: 3/6
  1325 | D:1      | Learned a level 3 spell: Static Discharge
  2006 | D:2      | Found a sacrificial altar of Ru.
  2117 | D:2      | Reached XP level 4. HP: 33/33 MP: 1/7
  2125 | D:2      | Reached skill level 5 in Air Magic
  2489 | D:2      | Found a runed translucent door.
  2490 | D:2      | Noticed Crazy Yiuf
  2502 | D:2      | Killed Crazy Yiuf
  2503 | D:2      | Reached XP level 5. HP: 22/38 MP: 5/8
  3022 | D:3      | Reached skill level 6 in Air Magic
  3215 | D:3      | Found a hide-covered altar of Uskayaw.
  3216 | D:3      | Found an opulent altar of Gozag.
  3240 | D:3      | Found a snail-covered altar of Cheibriados.
  3240 | D:3      | Found a stormy altar of Qazlal.
  3242 | D:3      | Found an iron altar of Okawaru.
  3263 | D:3      | Found a runed translucent door.
  3774 | D:3      | Found an opulent altar of Gozag.
  3879 | D:3      | Noticed windycow's ghost (amateur GnWn)
  3895 | D:3      | Reached XP level 6. HP: 43/45 MP: 1/9
  3904 | D:3      | Killed windycow's ghost
  3905 | D:3      | Reached skill level 7 in Air Magic
  4020 | D:3      | Identified a potion of resistance
  4449 | D:4      | Reached skill level 8 in Air Magic
  4449 | D:4      | Your scales start taking on a rich purple colour.
  4449 | D:4      | Reached XP level 7. HP: 50/50 MP: 4/10
  4637 | D:4      | Found a basalt altar of Yredelemnul.
  4645 | D:4      | Reached skill level 9 in Air Magic
  5136 | D:4      | Found a runed translucent gate.
  5137 | D:4      | Found a runed translucent gate.
  5137 | D:4      | Noticed p0werm0de's ghost (amateur DsCK)
  5138 | D:4      | Found a runed translucent gate.
  5138 | D:4      | Identified the +1 leather armour of Bevvaj {+Fly rCorr
                  | Str+7 Slay-6}
  5144 | D:4      | Found a roughly hewn altar of Beogh.
  5172 | D:5      | Entered Level 5 of the Dungeon
  5453 | D:5      | Reached XP level 8. HP: 57/57 MP: 2/11
  5576 | D:5      | Found a bloodstained altar of Trog.
  5628 | D:5      | Reached skill level 10 in Air Magic
  5640 | D:5      | Found Oroick's Magic Scroll Shoppe.
  5708 | D:5      | Reached skill level 1 in Fighting
  5934 | D:5      | Reached skill level 2 in Conjurations
  5996 | D:5      | Found a glowing golden altar of the Shining One.
  5997 | D:5      | Found a shimmering altar of Xom.
  5997 | D:5      | Noticed Ijyb
  6009 | D:5      | Killed Ijyb
  6206 | D:5      | Learned a level 4 spell: Airstrike
  6341 | D:5      | Reached skill level 2 in Fighting
  6341 | D:5      | Reached skill level 3 in Conjurations
  6899 | D:6      | Reached skill level 4 in Conjurations
  7161 | D:6      | Reached skill level 3 in Fighting
  7573 | D:6      | Reached skill level 5 in Conjurations
  7726 | D:6      | Found a staircase to the Ecumenical Temple.
  7809 | Temple   | Entered the Ecumenical Temple
  7844 | Temple   | Became a worshipper of Sif Muna the Loreminder
  8350 | D:6      | Reached XP level 9. HP: 71/71 MP: 12/12
  8542 | D:6      | Reached skill level 4 in Fighting
  8834 | D:7      | Reached skill level 6 in Conjurations
  9324 | D:7      | Found a hazy altar of Hepliaklqana.
  9324 | D:7      | Found a sparkling altar of Nemelex Xobeh.
  9365 | D:7      | Reached * piety under Sif Muna
  9366 | D:7      | Reached skill level 5 in Fighting
  9717 | D:8      | Reached skill level 7 in Conjurations
  9999 | D:8      | HP: 2/74 [electric eel/bolt of electricity (10)]
  9999 | D:8      | Killed from afar by an electric eel

Vanquished Creatures
  2 sky beasts
  The ghost of windycow the Bolt Thrower, an amateur GnWn (D:3)
  2 phantoms
  A necrophage (D:5)
  6 ogres
  2 centaurs (D:6)
  4 bullfrogs
  3 scorpions
  4 killer bees (D:7)
  An electric eel (D:8)
  3 howler monkeys (D:7)
  3 hounds
  A quasit (D:8)
  Crazy Yiuf (D:2)
  3 orc wizards
  2 bullfrog skeletons
  A gnoll shaman (D:8)
  Ijyb (D:5)
  4 iguanas
  7 worker ants
  2 hound zombies
  A hound skeleton (D:8)
  A worker ant zombie (D:6)
  A howler monkey skeleton (D:6)
  13 adders
  6 gnolls
  A white imp (D:7)
  An ufetubus (D:5)
  3 oozes
  An adder zombie (D:6)
  7 worms
  2 dart slugs
  8 leopard geckos
  11 orcs
  2 ball pythons
  4 giant cockroaches
  8 goblins
  11 hobgoblins
  3 jackals (D:2)
  8 kobolds
  2 quokkas (D:3)
  6 bats
  3 frilled lizards
  8 rats
165 creatures vanquished.

Vanquished Creatures (others)
  24 plants (D:1)
24 creatures vanquished.

Grand Total: 189 creatures vanquished

Table legend: (Time is in decaauts)
 A = Elapsed time spent in this place.
 B = Non-inter-level travel time spent in this place.
 C = Inter-level travel time spent in this place.
 D = Time resting spent in this place.
 E = Time spent auto-exploring this place.
 F = Levels seen in this place.
 G = Mean time per level.
                   A        B        C        D        E       F      G
               +--------+--------+--------+--------+--------+-----+--------+
         Total |  10127 |   9750 |    377 |   1082 |   7459 |   9 | 1125.2 |
       Dungeon |  10077 |   9715 |    362 |   1082 |   7428 |   8 | 1259.6 |
        Temple |     50 |     35 |     15 |      0 |     31 |   1 |   50.0 |
               +--------+--------+--------+--------+--------+-----+--------+

Top non-repeatable levels by time:
     D:6: 2193 daAuts
     D:5: 1571 daAuts
     D:1: 1565 daAuts
     D:3: 1323 daAuts
     D:2: 1210 daAuts
     D:4: 1134 daAuts
     D:7: 760 daAuts
     D:8: 318 daAuts
  Temple: 50 daAuts

Table legend:
 A = Non-vault XP
 B = Vault XP
 C = Vault XP percentage of total XP
 D = Non-vault monster count
 E = Vault monster count
 F = Vault count percentage of total count
                 A         B        C        D         E       F
            +---------+---------+-------+---------+---------+-------
      Total |    3814 |     353 |   8.5 |     159 |       6 |   3.6
            +---------+---------+-------+---------+---------+-------
        D:1 |      57 |       0 |   0.0 |      28 |       0 |   0.0
        D:2 |     108 |      44 |  28.9 |      21 |       1 |   4.5
        D:3 |      76 |     228 |  75.0 |      21 |       3 |  12.5
        D:4 |     771 |       0 |   0.0 |      25 |       0 |   0.0
        D:5 |     724 |      36 |   4.7 |      20 |       1 |   4.8
        D:6 |     897 |       0 |   0.0 |      20 |       0 |   0.0
        D:7 |     788 |       0 |   0.0 |      15 |       0 |   0.0
        D:8 |     393 |      45 |  10.3 |       9 |       1 |  10.0
            +---------+---------+-------+---------+---------+-------
